 Dungeon Crawl Stone Soup version 0.28-a0-1159-g27aa881441 (webtiles) character file.

Game seed: 13221048661779171619

281 SensoryNuts the Covered (level 6, -1/48 HPs)
             Began as a Demonspawn Fighter on Dec 15, 2021.
             Was an Initiate of Gozag.
             Killed by nerve-wracking pain
             ... invoked by Grinder
              (9 damage)
             ... on level 5 of the Dungeon.
             The game lasted 00:04:36 (3912 turns).

SensoryNuts the Covered (Demonspawn Fighter)        Turns: 3912, Time: 00:04:37

Health: -1/48      AC:  7    Str: 18    XL:     6   Next: 6%
Magic:  6/6        EV:  9    Int: 11    God:    Gozag
Gold:   116        SH:  4    Dex: 13    Spells: 5/5 levels left

rFire   . . .      SeeInvis .   a - +0 long sword
rCold   . . .      Faith    .   c - +0 buckler
rNeg    . . .      Spirit   .   b - +0 scale mail
rPois   +          Reflect  .   (no helmet)
rElec   .          Harm     .   (no cloak)
rCorr   .          Rampage  .   (no gloves)
Will    .....                   (no boots)
Stlth   ..........              (no amulet)
HPRegen 0.16/turn               (no ring)
MPRegen 0.10/turn               (no ring)

@: mighty, gold aura, flying, hasted (expiring), very quick
A: spiny 1, big brain 1, demonic magic 1, hooves 1, poison resistance
a: Renounce Religion, Potion Petition, Call Merchant, Bribe Branch


You were on level 5 of the Dungeon.
You worshipped Gozag.
Gozag was aware of your devotion.
You visited 2 branches of the dungeon, and saw 6 of its levels.

You collected 160 gold pieces.
You paid 44 gold pieces to Gozag.

Inventory:

Hand Weapons
 a - a +0 long sword (weapon)
Armour
 b - a +0 scale mail (worn)
 c - a +0 buckler (worn)
Scrolls
 e - a scroll of enchant armour
 f - a scroll of teleportation
 i - a scroll of blinking
 k - a scroll of fear
Potions
 j - 2 potions of cancellation
 n - a potion of flight


   Skills:
 + Level 3.7 Fighting
 + Level 3.8 Long Blades
 + Level 3.9 Armour
 + Level 0.7 Dodging
 + Level 1.2 Stealth
 + Level 3.2 Shields


You had 5 spell levels left.
You didn't know any spells.
Your spell library contained the following spells:

 Spells                   Type           Power      Damage    Failure   Level
 Animate Skeleton         Necr           0%         N/A       75%         1
 Apportation              Tloc           0%         N/A       75%         1
 Summon Small Mammal      Summ           0%         N/A       75%         1
 Scorch                   Fire           0%         2d5       87%         2
 Animate Armour           Summ/Erth      0%         N/A       100%        4
 Flame Wave               Conj/Fire      0%         2d4       100%        4
 Blade Hands              Tmut           0%         N/A       100%        5
 Iron Shot                Conj/Erth      0%         9d1       100%        6
 Summon Cactus Giant      Summ           0%         N/A       100%        6


Dungeon Overview and Level Annotations

Branches:
Dungeon (5/15)             Temple (1/1) D:4

Altars:
Ashenzari
Cheibriados
Dithmenos
Elyvilon
Fedhas
Gozag
Hepliaklqana
Kikubaaqudgha
Makhleb
Nemelex Xobeh
Okawaru
Qazlal
Ru
Sif Muna
Trog
Uskayaw
Vehumet
Wu Jian
Xom
Yredelemnul
Zin
The Shining One

Shops:
D:2 [

Annotations:
D:5 Grinder


Innate Abilities, Weirdness & Mutations

You are partially covered in sharp spines.
You have an unusually large brain. (Int +2)
Spells you cast may paralyse adjacent enemies.
You have large cloven feet.
Your system is resistant to poisons. (rPois)


Message History

Grinder is severely wounded.
Grinder hits you.
You writhe in agony.
* * * LOW HITPOINT WARNING * * *
The orc hits you with a +0 flail.
* * * LOW HITPOINT WARNING * * *
You closely miss Grinder. You kick Grinder.
Grinder is severely wounded.
You block Grinder's attack.
You barely miss Grinder. You kick Grinder.
Grinder is almost dead.
The orc closely misses you.
Grinder blinks!
Unknown command.
You feel better. The orc hits you with a +0 flail.
You feel very mighty all of a sudden. The ufetubus is struck by your spines.
The ufetubus closely misses you. The ufetubus hits you.
* * * LOW HITPOINT WARNING * * *
The orc is struck by your spines. The orc hits you but does no damage.
You closely miss the ufetubus.
The ufetubus is heavily wounded.
An adder comes into view.
The ufetubus hits you but does no damage.
The ufetubus hits you.
* * * LOW HITPOINT WARNING * * *
The adder hisses angrily.
You slash the orc!
You kill the orc!
The ufetubus is struck by your spines. The ufetubus hits you.
* * * LOW HITPOINT WARNING * * *
The ufetubus hits you but does no damage.
You closely miss Grinder.
Grinder is almost dead.
Your extra speed is starting to run out.
The ufetubus hits you but does no damage.
The ufetubus completely misses you.
The adder is distracted by your dazzling golden aura.
Grinder gestures at you. Pain shoots through your body!
You die...
Your body crumbles into a pile of gold.

... #.. #..##
#.... #....
#....
#....#####.#
#...$@.....#
#...55####...
#..<.<...?...
#............
$
#............
$$
#.....####...
#S..... ..
....#.## .
.......


You could see Grinder, an adder (unaware) and an ufetubus.

Vanquished Creatures
  The ghost of Fractals the Grasshopper, a weakling DrWr (D:3)
  A howler monkey (D:4)
  A jelly (D:4)
  A gnoll (D:1)
  8 adders
  A dart slug (D:3)
  5 orcs
  8 ball pythons
  8 endoplasms
  7 giant cockroaches
  9 goblins
  7 hobgoblins
  2 jackals (D:2)
  4 quokkas
  2 bats (D:1)
  4 frilled lizards
  6 kobolds
  9 rats
84 creatures vanquished.

Vanquished Creatures (others)
  5 plants (D:2)
5 creatures vanquished.

Grand Total: 89 creatures vanquished

Notes
Turn   | Place    | Note
-------+----------+-------------------------------------------
     0 | D:1      | SensoryNuts the Demonspawn Fighter began the quest for the
                  | Orb.
     0 | D:1      | Reached XP level 1. HP: 18/18 MP: 1/1
   244 | D:1      | Gained mutation: You are partially covered in sharp spines.
                  | [demonic ancestry]
   244 | D:1      | Reached XP level 2. HP: 13/24 MP: 2/2
   447 | D:1      | Found a faded altar of an unknown god.
   741 | D:1      | Gained mutation: You have an unusually large brain. (Int
                  | +2) [demonic ancestry]
   741 | D:1      | Reached XP level 3. HP: 23/29 MP: 3/3
   743 | D:1      | Gained mutation: You have large cloven feet. [potion of
                  | mutation]
   743 | D:1      | Gained mutation: Your system is resistant to poisons.
                  | (rPois) [potion of mutation]
  1279 | D:2      | Reached skill level 1 in Stealth
  1586 | D:2      | Reached XP level 4. HP: 30/35 MP: 4/4
  1692 | D:2      | Found Hiajoim's Armour Emporium.
  2276 | D:3      | Gained mutation: Spells you cast may paralyse adjacent
                  | enemies. [demonic ancestry]
  2276 | D:3      | Reached XP level 5. HP: 40/41 MP: 5/5
  2298 | D:3      | Found a runed translucent gate.
  2298 | D:3      | Found a runed translucent gate.
  2298 | D:3      | Found a runed translucent gate.
  2300 | D:3      | Noticed Fractals's ghost (weakling DrWr)
  2540 | D:3      | Killed Fractals's ghost
  2658 | D:4      | Found a staircase to the Ecumenical Temple.
  2675 | Temple   | Entered the Ecumenical Temple
  3103 | Temple   | Became a worshipper of Gozag Ym Sagoz the Greedy
  3591 | D:4      | Reached XP level 6. HP: 46/48 MP: 6/6
  3654 | D:4      | Found a bloodstained altar of Trog.
  3894 | D:5      | Entered Level 5 of the Dungeon
  3894 | D:5      | Noticed Grinder
  3912 | D:5      | Killed from afar by Grinder

Illustrated notes

Levels and vault maps discovered:
D:1:      zelgadis_glass_arrival_small, layout_basic,
          chequers_ecumenical_altar_island, lemuel_old_faithful
D:2:      layout_loops_ring, serial_shops, nicolae_square_shop,
          serial_bayou_lagoon_b
D:3:      layout_rooms, ebering_ghost_rock_garden
D:4:      cheibrodos_quashed, layout_cave_pools, general_overflow_altar,
          temple_statues
D:5:      layout_loops_cross, gammafunk_ghost_mausoleum, portal_sewer_entry_e,
          uniq_crazy_yiuf_cottage, uniq_grinder
Temple:   mainiacjoe_temple_circle_huts

Skill      XL: |  1  2  3  4 |
---------------+-------------+-----
Long Blades    | 2 3 |  3.8
Armour         | 3 |  3.9
Shields        | 3 |  3.2
Stealth        | 1 |  1.2
Fighting       | |  3.7
Dodging        | |  0.7

Action                   |  1- 3 |  4- 6 || total
-------------------------+-------+-------++-------
Melee: Long sword        |    76 |    86 ||   162
       Kick              |     6 |    17 ||    23
  Use: Potion            |     2 |     7 ||     9
       Scroll            |     2 |     4 ||     6
Armor: Scale mail        |    26 |    29 ||    55
Dodge: Dodged            |    38 |    23 ||    61
Block: Buckler           |    13 |    20 ||    33

Table legend: (Time is in decaauts)
 A = Elapsed time spent in this place.
 B = Non-inter-level travel time spent in this place.
 C = Inter-level travel time spent in this place.
 D = Time resting spent in this place.
 E = Time spent auto-exploring this place.
 F = Levels seen in this place.
 G = Mean time per level.
                   A        B        C        D        E       F      G
               +--------+--------+--------+--------+--------+-----+--------+
         Total |   3962 |   3640 |    322 |      0 |   3094 |   6 |  660.3 |
       Dungeon |   3513 |   3341 |    172 |      0 |   2820 |   5 |  702.6 |
        Temple |    448 |    298 |    150 |      0 |    274 |   1 |  448.0 |
               +--------+--------+--------+--------+--------+-----+--------+

Top non-repeatable levels by time:
     D:1: 1164 daAuts
     D:2: 885 daAuts
     D:4: 785 daAuts
     D:3: 663 daAuts
  Temple: 448 daAuts
     D:5: 13 daAuts
